 Dungeon Crawl Stone Soup version 0.19.1 (webtiles) character file.

1200 JeffiDaFish the Cudgeler (level 8, -4/49 HPs)
             Began as a Gargoyle Fighter on Dec 15, 2016.
             Slain by an ogre
             ... wielding a cursed -3 giant club
              (12 damage)
             ... on level 5 of the Dungeon.
             The game lasted 00:07:26 (3651 turns).

JeffiDaFish the Cudgeler (Gargoyle Fighter)         Turns: 3651, Time: 00:07:26

Health: -4/49      AC: 16    Str: 20    XL:     8   Next: 44%
Magic:  8/8        EV:  6    Int:  9    God:
Gold:   214        SH: 10    Dex: 11    Spells: 0 memorised, 7 levels left

rFire  . . .     SeeInvis .     a - +3 flail
rCold  + . .     Gourm    .     j - +0 chain mail
rNeg   + . .     Faith    .     c - +0 shield
rPois  ∞         Spirit   .     (no helmet)
rElec  +         Reflect  .     g - +0 cloak
rCorr  .         Harm     .     (no gloves)
MR     .....                    (no boots)
Stlth  ..........               (no amulet)
                                (no ring)
                                h - ring of protection from cold

@: invisible
A: negative energy resistance 1, electricity resistance, unbreathing,
petrification resistance, rot immunity, AC +5
a: no special abilities


You were on level 5 of the Dungeon.
You were not hungry.

You visited 1 branch of the dungeon, and saw 5 of its levels.

You collected 214 gold pieces.

Inventory:

Hand Weapons
 a - a +3 flail (weapon)
Armour
 c - a +0 shield (worn)
 g - a +0 cloak (worn)
 j - a +0 chain mail (worn)
Jewellery
 h - a ring of protection from cold (left hand)
Scrolls
 e - 8 scrolls of identify
 n - a scroll of recharging
 o - 2 scrolls of amnesia
Potions
 d - a potion of might
 i - a potion of invisibility
 m - 2 potions of haste
Comestibles
 b - 6 chunks of flesh
 f - 3 bread rations
 k - a meat ration
 l - 4 fruits


   Skills:
 + Level 5.2 Fighting
 + Level 6.9 Maces & Flails
 + Level 5.4 Armour
 + Level 2.0 Dodging
 + Level 5.3 Shields


You had 7 spell levels left.
You didn't know any spells.

Dungeon Overview and Level Annotations

Branches:
Dungeon (5/15)
 Temple: D:4-7

Altars:
Nemelex Xobeh
Okawaru


Innate Abilities, Weirdness & Mutations

You are resistant to torment.
Your stone body is resilient. (AC +5)
You are immune to poison.
You resist negative energy. (rN+)
You are resistant to electric shocks. (rElec)
You can survive without breathing.
You are immune to petrification.
You are immune to rotting.


Message History

You are too injured to fight recklessly!
You are too injured to fight recklessly!
You are too injured to fight recklessly!
You are too injured to fight recklessly!
You are too injured to fight recklessly!
You are too injured to fight recklessly!
You are too injured to fight recklessly!
You are too injured to fight recklessly!
You are too injured to fight recklessly!
You are too injured to fight recklessly!
You are too injured to fight recklessly!
You are too injured to fight recklessly!
You are too injured to fight recklessly!
You are too injured to fight recklessly!
You are too injured to fight recklessly!
The orc wizard gestures wildly while chanting.
The orc wizard seems to speed up.
An orc opens the door.
You fade into invisibility!
The ogre hits you with a giant club!
You die...

#.. .♣ ♣ #.. .._ .. #.. .♣.♣. ..
.... #.#.♣. #.... ### #.oo #.##
#oO# ######... #.....#
#.@########....#... #.....#
#!.##.............. ###.....#
##..##.............. #.......#
+...............#### #.......#
#...........)...#...
#.......#########....####'##..>
#...............######.........
###...............#....#.........
#.....#'##........'....#.........


You could see an ogre, an orc wizard and 2 orcs.

Vanquished Creatures
  The ghost of micr0chasm the Chiller, an amateur MfIE (D:3)
  A sky beast (D:5)
  2 ogres (D:5)
  2 centaurs (D:5)
  A bullfrog (D:5)
  A scorpion (D:4)
  A howler monkey (D:4)
  2 hounds
  An orc priest (D:4)
  A bullfrog skeleton (D:5)
  Crazy Yiuf (D:2)
  2 centaur skeletons
  Jessica (D:2)
  Ijyb (D:2)
  2 iguanas
  A worker ant (D:4)
  8 adders
  An ooze (D:2)
  3 dart slugs
  6 worms
  4 leopard geckos
  9 orcs
  A ball python (D:1)
  A giant cockroach (D:5)
  3 goblins
  5 hobgoblins
  8 kobolds
  2 quokkas (D:4)
  7 bats
  2 frilled lizards
  A giant cockroach zombie (D:5)
  A jackal skeleton (D:4)
  9 rats
92 creatures vanquished.

Notes
Turn   | Place    | Note
-------+----------+-------------------------------------------
     0 | D:1      | JeffiDaFish the Gargoyle Fighter began the quest for the Orb.
     0 | D:1      | Reached XP level 1. HP: 14/14 MP: 1/1
   139 | D:1      | Reached XP level 2. HP: 18/19 MP: 2/2
   443 | D:1      | Reached XP level 3. HP: 24/24 MP: 3/3
   608 | D:2      | Noticed Ijyb
   626 | D:2      | Killed Ijyb
   655 | D:2      | Noticed Jessica
   660 | D:2      | Killed Jessica
   660 | D:2      | Reached skill level 1 in Dodging
   660 | D:2      | Reached XP level 4. HP: 25/29 MP: 4/4
   744 | D:2      | Found a sparkling altar of Nemelex Xobeh.
   777 | D:2      | Found a runed door.
   936 | D:2      | Noticed Crazy Yiuf
   941 | D:2      | Killed Crazy Yiuf
   941 | D:2      | Reached skill level 3 in Maces & Flails
   941 | D:2      | Reached XP level 5. HP: 33/33 MP: 5/5
  1586 | D:3      | Noticed micr0chasm's ghost (amateur MfIE)
  1597 | D:3      | Killed micr0chasm's ghost
  1597 | D:3      | Reached skill level 4 in Maces & Flails
  1597 | D:3      | Reached XP level 6. HP: 28/38 MP: 6/6
  2311 | D:4      | Reached XP level 7. HP: 25/44 MP: 7/7
  2351 | D:4      | Reached skill level 5 in Maces & Flails
  2924 | D:5      | Entered Level 5 of the Dungeon
  2972 | D:5      | Reached skill level 6 in Maces & Flails
  3082 | D:5      | Reached skill level 5 in Armour
  3082 | D:5      | Reached XP level 8. HP: 46/48 MP: 8/8
  3174 | D:5      | Reached skill level 5 in Fighting
  3390 | D:5      | Reached skill level 5 in Shields
  3645 | D:5      | Found an iron altar of Okawaru.
  3651 | D:5      | Slain by an ogre

Skill      XL: |  1  2  3  4  5  6  7  8 |
---------------+-------------------------+-----
Dodging        | 1 2 |  2.0
Maces & Flails | 3 4 6 |  6.9
Fighting       | 4 5 |  5.2
Armour         | 4 5 |  5.4
Shields        | 4 5 |  5.3

Action                   |  1- 3 |  4- 6 |  7- 9 || total
-------------------------+-------+-------+-------++-------
Melee: Flail             |    82 |   109 |   135 ||   326
  Use: Scroll            |     4 |     3 |     2 ||     9
       Potion            |     1 |     5 |     2 ||     8
  Eat: Chunk             |       |     5 |     5 ||    10
Armor: Scale mail        |    52 |    23 |       ||    75
       Chain mail        |       |    44 |    76 ||   120
Dodge: Dodged            |    28 |    32 |    33 ||    93
Block: Shield            |    48 |    45 |    62 ||   155
